cohdb
Replays
Latest Replays
All Replays
Popular Replays
Top Player Replays
Match Explorer
How It Works
Community
CoH3 Stats
Reddit
Sign in to upload your games and track your stats! →
Sign in with Steam
Match 45942576
Unlisted
Match 45942576
Overview
Messages
Build Orders
End
Panzergrenadier Squad
Selects Italian Combined Arms Battlegroup
Kradschützen Motorcycle Team
Panzergrenadier Squad
Construct Light Support Kompanie
Construct Mechanized Kompanie
Veteran Squad Leaders
Selects Bersaglieri Squad
8 Rad Armored Car
2.5-tonne Medical Truck
Selects Vehicle Support - Secure Location
Selects Vehicle Support - Force Recon
Assault Mechanized Group
8 Rad Armored Car
Vehicle Survival Package
Marder III Tank Destroyer
Construct Panzerarmee Kommand
Selects Semovente da 75/18 Assault Gun
CAuMOH
TWAS
豪师傅
Toxic teammate? Then i go afk
0
0
Comments
sign in to comment!
No comments posted yet!